[Event "Late-Titled-Tuesday-Blitz-May-07-2024"]
[Site "Chess.com"]
[Date "2024.05.07"]
[Round "2"]
[White "ozates"]
[Black "vugarrasulov"]
[Result "1-0"]
[WhiteElo "2656"]
[BlackElo "2978"]
[TimeControl "180+1"]
[EndTime "14:18:40 PDT"]
[Termination "ozates won by resignation"]

1. e4 e5 2. Nf3 Nc6 3. Bc4 Nf6 4.
d3 Be7 5. O-O O-O 6. a4 d6 7. a5 Be6 8. Nc3 a6 9. Bg5 Nd7 10.
Bxe7 Qxe7 11. Nd5 Qd8 12. c3 Kh8 13. h4 h6 14. Ne3 Bxc4 15. dxc4 Nc5 16. Qc2 Ne6 17. g3 Ne7 18. Rad1 Ng8 19. b4 Nf6 20. c5 Qb8 21. cxd6 cxd6 22. Nf5 Rd8 23. Rd2 Qc7 24.
Rfd1 Ne8 25. Ne3 Nf6 26. Nf5 Ne8 27. Ne3 b5 28. Nd5 Qc6 29. Nh2 Ra7 30. Ng4 Rc8 31.
Nge3 N6c7 32. Ne7 Qd7 33. Nxc8 Qxc8 34. Nf5 Ne6 35. Nxd6 Nxd6 36. Rxd6 Rc7 37. R6d3 Rc4 38. Re3 Rxb4 39. Qe2 Rc4 40. Qh5 Kg8 41. Qxe5 Rc5 42. Qd6 Rc6 43. Qd7 Rxc3 44. Qxc8+ Rxc8 45. Rd6 Ra8 46. Rc3 Nd8 47. Rc7 Kf8 48. f4 Ke8 49. f5 h5 50. e5 Rb8 51. Rb6 Ra8 52. e6 fxe6 53. fxe6 b4 54. Rxg7 b3 55. Rxb3 Nxe6 56.
Rg8+ Nf8 57. Rf3 Ke7 58. Rfxf8 Rxf8 59. Rxf8 Kxf8 60. Kf2 Ke7 61. Ke3 Kd6 62. Kf4 Kc5 63. g4 Kb5 64. gxh5 Kxa5 65. h6 Kb6 66. h7 1-0

[Event "Late-Titled-Tuesday-Blitz-May-07-2024"]
[Site "Chess.com"]
[Date "2024.05.07"]
[Round "2"]
[White "sergiochess83"]
[Black "manitodeplomo"]
[Result "1-0"]
[WhiteElo "2883"]
[BlackElo "2602"]
[TimeControl "180+1"]
[EndTime "14:18:40 PDT"]
[Termination "sergiochess83 won by resignation"]

1. d4 c5 2. d5 g6 3. e4 Bg7 4.
Nc3 d6 5. Bb5+ Bd7 6. a4 Bxb5 7. axb5 Nd7 8. Nf3 Ngf6 9. O-O O-O 10. h3 Nb6 11.
Qe2 Ne8 12. Bd2 Nc7 13. Ra5 Qd7 14. Rfa1 a6 15. bxa6 bxa6 16. Rd1 f5 17. Be1 fxe4 18. Ng5 Bxc3 19. bxc3 Nbxd5 20. c4 Nf6 21. Rxc5 Ne6 22. Nxe6 Qxe6 23. Rc7 Rfc8 24. Rxc8+ Rxc8 25. Rd4 Rc6 26. Bc3 Qc8 27. g4 d5 28. g5 Nh5 29. Bd2 Rxc4 30. Rxd5 Qc6 31. Rd8+ Kf7 32. Be3 Ng7 33. Rh8 Nf5 34.
Qd2 Nxe3 35. Qxe3 Rxc2 36. Qf4+ Ke6 37. Rxh7 Rc1+ 38. Kh2 e3 39. Qxe3+ Kd5 40. Qd2+ Ke6 41. Qe2+ Kd5 42. Rxe7 Qd6+ 43. Kg2 Qf4 44. Qd3+ Kc6 45. Re4 Qxg5+ 46. Rg4 Qd5+ 47. Qxd5+ Kxd5 48. Rxg6 Rc6 49. Rxc6 Kxc6 50. Kf1 a5 51. Ke1 Kb5 52. Kd2 Kc4 53.
Kc2 Kd4 54. h4 Ke4 55. h5 Kf5 56. f4 Kf6 57. Kb3 Kg7 58. f5 Kf6 59. h6 Kf7 60. Ka4 Kg8 61. f6 Kh7 62. f7 1-0

[Event "Late-Titled-Tuesday-Blitz-May-07-2024"]
[Site "Chess.com"]
[Date "2024.05.07"]
[Round "2"]
[White "protectiago"]
[Black "TheDevilAdvisoR"]
[Result "0-1"]
[WhiteElo "2052"]
[BlackElo "2458"]
[TimeControl "180+1"]
[EndTime "14:18:41 PDT"]
[Termination "TheDevilAdvisoR won on time"]

1. d4 g6 2. c4 Bg7 3. Nc3 d6 4. e4 e5 5. Nf3 Bg4 6. dxe5 dxe5 7.
Qxd8+ Kxd8 8. Be3 f6 9. O-O-O+ Kc8 10. Rd2 Nc6 11. Be2 Bh6 12. Rhd1 Bxe3 13. fxe3 Nge7 14. Nd5 Rf8 15. b4 Nxd5 16. cxd5 Nxb4 17. a3 Na6 18.
Rc2 Nb8 19. Kb2 Kd8 20. Rdc1 c6 21. dxc6 Nxc6 22. Bb5 Bd7 23. Rd2 Ke7 24. Rcd1 Rfd8 25. Bc4 Na5 26. Ba2 Ba4 27. Rc1 Rxd2+ 28. Nxd2 Bc6 29. g4 Rd8 30. Kc3 Rd6 31. h4 b6 32.
g5 Nb7 33. Nc4 Bxe4 34. Nxd6 Nxd6 35. gxf6+ Kxf6 36. Rd1 Ke7 37. Rf1 Nf5 38. h5 gxh5 39.
Bg8 Nd6 40. Rg1 Bg6 41. Bd5 h4 42. Rh1 Nf5 43. e4 Ng3 44. Rxh4 Ne2+ 45. Kc4 Nd4 46.
a4 Kf6 47. Rh1 h5 48. a5 bxa5 49. Ra1 h4 50. Rxa5 Bh5 51. Ra6+ Kg5 52. Rxa7 h3 53. Ra1 Bf3 54. Rg1+ Bg2 55. Bc6 Ne2 56. Ra1 h2 0-1

[Event "Late-Titled-Tuesday-Blitz-May-07-2024"]
[Site "Chess.com"]
[Date "2024.05.07"]
[Round "2"]
[White "Zura_19"]
[Black "Durarbayli"]
[Result "0-1"]
[WhiteElo "2625"]
[BlackElo "2951"]
[TimeControl "180+1"]
[EndTime "14:18:45 PDT"]
[Termination "Durarbayli won on time"]

1. d4 Nf6 2. Bf4 c5 3. d5 Qb6 4.
Nc3 d6 5. e4 g6 6. Bd2 Bg7 7. f4 O-O 8. Nf3 Bg4 9. a4 Na6 10.
Bc4 Nb4 11. O-O a5 12. Rc1 e6 13. dxe6 Bxe6 14. Bb5 d5 15. f5 gxf5 16. exd5 Nbxd5 17. Nh4 c4+ 18. Kh1 Nxc3 19. Bxc3 Ne4 20. Bxg7 Kxg7 21. Qf3 Kh8 22. Nxf5 Bxf5 23. Qxf5 Qe6 24. Qf4 f5 25. b3 c3 26. Bc4 Qf6 27. Rcd1 Nd2 28. Rfe1 Rae8 29.
Re3 Re4 30. Qf2 Qe7 31. Rxe4 fxe4 32. Qe3 Qe5 33. Re1 Rf4 34. g3 Rf3 35. Qb6 Qf6 36.
Qxb7 Qf8 37. Qd5 Rf5 38. Qd4+ Qf6 39. Qxf6+ Rxf6 40. Kg2 Kg7 41. Bd5 Nf3 42. Re3 Nd4 43. Bxe4 Re6 44. Kf2 Rf6+ 45. Ke1 Re6 46. Kd1 Rf6 47.
Re1 Rf2 48. Bd3 Rd2+ 49. Kc1 Rxh2 50. g4 h6 51. Kb1 Kf6 52. Re4 Nc6 53. Rc4 Rh1+ 54.
Ka2 Nb4+ 55. Rxb4 axb4 56. a5 Re1 57. a6 Re5 58. Bf5 Ra5+ 59. Kb1 Rxa6 60. Kc1 Rd6 61. Be4 Rd4 62. Bf3 Kg5 63. Be2 Kf4 64. Bc4 Kxg4 0-1

[Event "Late-Titled-Tuesday-Blitz-May-07-2024"]
[Site "Chess.com"]
[Date "2024.05.07"]
[Round "2"]
[White "OriTaichman"]
[Black "Szparu"]
[Result "0-1"]
[WhiteElo "2619"]
[BlackElo "2927"]
[TimeControl "180+1"]
[EndTime "14:18:47 PDT"]
[Termination "Szparu won by resignation"]

1. e4 e6 2. d4 d5 3. Nc3 Nf6 4. Bg5 dxe4 5. Nxe4 Nbd7 6. Qd3 Be7 7. Nxf6+ Nxf6 8. O-O-O Qd5 9. Qb5+ c6 10. Qxd5 cxd5 11. Bxf6 gxf6 12. Bb5+ Kd8 13. f4 h5 14. Nf3 a6 15. Bd3 Bd7 16. f5 Kc7 17. g3 Bd6 18. Rhf1 e5 19. Nh4 Bc6 20. Be2 Rad8 21. Bf3 e4 22.
Be2 b5 23. Kd2 a5 24. Ke3 a4 25. c3 b4 26. Rc1 a3 27. cxb4 axb2 28. Rc2 Bxb4 29.
Bb5 Rd6 30. Bxc6 Rxc6 31. Rxb2 Bc3 32. Rb5 Kd6 33. Ng2 Rc4 34. Rd1 Kc6 35. a4 Ra8 36.
Nf4 Ra5 37. Rxa5 Bxa5 38. Nxh5 Rxa4 39. Nxf6 Bb6 40. g4 Ra3+ 41. Kf2 Rh3 42. Kg2 Rd3 43.
Rxd3 exd3 44. Kf1 Bxd4 45. Nh5 Kc5 46. Nf4 Kc4 47. Ke1 Be3 48. Ng2 d4 49. h4 Kd5 50.
g5 Ke4 51. g6 fxg6 52. fxg6 Bh6 53. h5 Kf3 54. Nh4+ Kg4 55. Ng2 Kg3 56. g7 Bxg7 57.
Kd2 Kxg2 58. Kxd3 Kg3 59. h6 Be5 60. Ke4 Bh8 61. h7 Kg4 0-1

[Event "Late-Titled-Tuesday-Blitz-May-07-2024"]
[Site "Chess.com"]
[Date "2024.05.07"]
[Round "2"]
[White "MiguelBestard1981"]
[Black "zverr1"]
[Result "0-1"]
[WhiteElo "2184"]
[BlackElo "2503"]
[TimeControl "180+1"]
[EndTime "14:18:50 PDT"]
[Termination "zverr1 won on time"]

1. d4 d5 2. Bf4 Nf6 3. e3 e6 4. Nd2 Bd6 5. Bxd6 Qxd6 6. f4 O-O 7. Bd3 c5 8. c3 cxd4 9. cxd4 Nc6 10. a3 Bd7 11. Ngf3 Ng4 12. Qe2 f5 13. O-O Be8 14.
Ne5 Nf6 15. h3 Ne4 16. g4 Ne7 17. Bxe4 fxe4 18. Rfb1 Bd7 19. Rc1 Rfc8 20. Qe1 Be8 21. Rxc8 Rxc8 22. Rc1 Rc7 23. Nb3 b6 24. Rxc7 Qxc7 25.
Qc1 Qxc1+ 26. Nxc1 Ba4 27. b3 Bb5 28. Kf2 Kf8 29. Ke1 h6 30. Kd2 g5 31. Na2 Bf1 32.
Ke1 Bxh3 33. Kf2 Kg7 34. Nc3 gxf4 35. exf4 Ng6 36. Nxg6 Kxg6 37. Kg3 Bf1 38. Nd1 Bd3 39. Ne3 a5 40. b4 Be2 41. Kf2 Bc4 42. bxa5 bxa5 43.
Kg3 Bb3 44. Kh4 Ba4 45. f5+ exf5 46. gxf5+ Kf6 47. Kh5 Bd7 48. Kxh6 Bxf5 49. Nxd5+ Ke6 50. Ne3 Kf6 51. Kh5 Bd7 52. Kh4 Be8 53. Kg4 Bb5 54. Kf4 Bd3 55. Nf1 Ke6 56. Ng3 Kd5 57. Ke3 Bb1 58.
Ne2 Kc4 59. Ng3 Kb3 60. Nxe4 Kxa3 0-1

[Event "Late-Titled-Tuesday-Blitz-May-07-2024"]
[Site "Chess.com"]
[Date "2024.05.07"]
[Round "2"]
[White "dolynachess"]
[Black "brouetoscope"]
[Result "0-1"]
[WhiteElo "2525"]
[BlackElo "2323"]
[TimeControl "180+1"]
[EndTime "14:18:51 PDT"]
[Termination "brouetoscope won on time"]

1. d4 Nf6 2. c4 e6 3. g3 Bb4+ 4. Nd2 O-O 5. Bg2 d5 6. Nf3 b6 7. O-O Bb7 8. Qc2 Nbd7 9. Rd1 Bd6 10. e4 dxe4 11. Ng5 Rc8 12. Ndxe4 Nxe4 13. Nxe4 Bxe4 14.
Bxe4 h6 15. b3 Qe7 16. a3 c5 17. Bb2 cxd4 18. Rxd4 Nf6 19. Bf3 Be5 20. Rd2 Bxb2 21. Qxb2 Rfd8 22. Rad1 Rxd2 23. Rxd2 a6 24. Kg2 b5 25.
cxb5 axb5 26. a4 Qc5 27. b4 Qc4 28. Rd4 Qc7 29. axb5 Nd5 30. Qd2 Qb7 31. Qd3 Rb8 32.
Bxd5 exd5 33. Qf3 Qxb5 34. h4 Rd8 35. h5 Qd7 36. Qd3 Qc6 37. b5 Qb6 38. f3 Qc5 39. g4 f6 40. Qd2 Rd6 41. Qd3 Rd7 42. Kg3 Rd6 43. Kg2 Rd7 44. Kh3 Rd6 45. Qd2 Rd7 46. Qd3 Rd6 47. Kg3 Rd7 48. Kg2 Rd6 49. Kf1 Rd7 50.
Ke2 Rd6 51. Kf2 Rd7 52. Qb3 Qxd4+ 53. Kg2 Qc4 54. Qb2 Rb7 55. b6 Qc5 56. Kg3 Rxb6 57.
Qa2 Rb8 58. Qa7 Qd6+ 59. Kg2 Re8 60. Qd4 Qe5 61. Qc5 d4 62. Qc6 Kh8 63. Qc4 Rd8 64.
Qd3 Qe3 65. Qb5 d3 66. Qb6 Qxb6 0-1

[Event "Late-Titled-Tuesday-Blitz-May-07-2024"]
[Site "Chess.com"]
[Date "2024.05.07"]
[Round "2"]
[White "keepitcoming"]
[Black "GMMikhailKazakov"]
[Result "0-1"]
[WhiteElo "2236"]
[BlackElo "2520"]
[TimeControl "180+1"]
[EndTime "14:18:56 PDT"]
[Termination "GMMikhailKazakov won on time"]

1. d4 d5 2. c4 e6 3. Nc3 c5 4. Nf3 Nc6 5. cxd5 exd5 6. dxc5 Bxc5 7. Qxd5 Qe7 8. Bg5 f6 9. Bd2 Be6 10. Qe4 O-O-O 11. e3 f5 12. Qa4 Nf6 13. Bb5 Nb4 14. O-O g5 15. Nxg5 Rxd2 16. Nxe6 Qxe6 17. a3 Nc6 18.
Bxc6 Qxc6 19. Rac1 Kb8 20. Qxc6 bxc6 21. b4 Bb6 22.
Na4 Rc8 23. Rfd1 Rcd8 24. Rxd2 Rxd2 25. h3 Ne4 26. Nxb6 axb6 27. Rxc6 Kb7 28. Rh6 Nxf2 29.
Rxh7+ Ka6 30. Rf7 Nd1 31. Rxf5 Rxg2+ 32. Kxg2 Nxe3+ 33. Kf3 Nxf5 34. Kg4 Ng7 35. Kg5 Kb5 36. Kf6 Nh5+ 37. Kg5 Ng3 38. h4 Ka4 39. Kf4 Nh5+ 40. Kg5 Ng3 41. Kf4 Nh5+ 42. Kg4 Ng7 43. Kg5 Kxa3 44. Kg6 Ne6 45. Kf6 Nf4 46. Kf5 Nh5 47. Kg5 Ng3 48. Kg4 Nh5 49. Kg5 Ng7 50. Kg6 Ne6 51. Kf6 Nf4 52. Kf5 Nd5 53. h5 Ne7+ 54. Kf6 Ng8+ 55. Kg7 Ne7 56. Kf7 Nf5 57. Kf6 Nh6 58.
Kg6 Ng4 59. Kg5 Ne5 60. Kf5 Nd7 61. h6 Kxb4 62. h7 Nc5 63. h8=Q b5 64. Qb2+ Kc4 65. Kf4 Nd3+ 0-1

[Event "Late-Titled-Tuesday-Blitz-May-07-2024"]
[Site "Chess.com"]
[Date "2024.05.07"]
[Round "2"]
[White "mishanick"]
[Black "ansko1999"]
[Result "1-0"]
[WhiteElo "3045"]
[BlackElo "2660"]
[TimeControl "180+1"]
[EndTime "14:18:57 PDT"]
[Termination "mishanick won by checkmate"]

1. d4 d5 2. c4 e6 3. Nc3 c6 4. Nf3 Bd6 5. e4 dxe4 6. Nxe4 Bb4+ 7. Bd2 Bxd2+ 8. Qxd2 Nf6 9. Bd3 Nxe4 10. Bxe4 Nd7 11.
O-O O-O 12. Rfe1 Nf6 13. Bc2 b6 14. Rad1 c5 15. dxc5 Qxd2 16. Rxd2 bxc5 17. Ne5 Bb7 18.
Red1 g6 19. f3 Rab8 20. b3 a5 21. Rd6 Rfc8 22. Rb6 Rc7 23. Rb5 Ra8 24. Rd6 Kf8 25.
Rdb6 Ra7 26. Kf2 Ke7 27. Ke3 Nd7 28. Nxd7 Kxd7 29. a4 Ke7 30. Be4 Bc8 31. Rb8 Bd7 32. R5b6 h5 33. f4 Be8 34. g3 Bd7 35. h3 Be8 36. g4 hxg4 37. hxg4 Bd7 38. Bf3 Be8 39. Bb7 Bd7 40. Ba6 Rc6 41. Rxc6 Bxc6 42. Bb5 Bg2 43. Rc8 Kd6 44. Rd8+ Ke7 45. Re8+ Kd6 46.
Rf8 Ke7 47. Rb8 Bh3 48. Kf3 Bf1 49. Rc8 Kf6 50. Ke3 Bh3 51. g5+ Ke7 52. Rxc5 Bf5 53. Kd4 Bc2 54. Kc3 Bf5 55. Re5 Kd6 56. c5+ Ke7 57. Re1 f6 58. b4 axb4+ 59. Kxb4 fxg5 60. fxg5 Ra8 61. a5 Rh8 62. a6 Rh4+ 63. Ka5 Rh2 64. Kb6 Rb2 65. a7 Bd3 66. a8=Q Rxb5+ 67. Kc6 Bc4 68. Qa7+ Kf8 69. Kd6 Bd5 70. Qe7+ Kg8 71.
Qe8+ Kg7 72. Rf1 Rb8 73. Rf7# 1-0

[Event "Late-Titled-Tuesday-Blitz-May-07-2024"]
[Site "Chess.com"]
[Date "2024.05.07"]
[Round "2"]
[White "lamomiajunior"]
[Black "Dzidzik2203"]
[Result "1-0"]
[WhiteElo "2773"]
[BlackElo "2437"]
[TimeControl "180+1"]
[EndTime "14:18:58 PDT"]
[Termination "lamomiajunior won by resignation"]

1. d4 Nf6 2. Nc3 d5 3. Bf4 e6 4. Nb5 Na6 5. e3 c6 6. Nc3 Bb4 7. Bxa6 bxa6 8. Nf3 a5 9. O-O Ba6 10. Re1 Bxc3 11. bxc3 Ne4 12. Ne5 O-O 13. Nxc6 Qb6 14.
Ne5 Rfc8 15. Qg4 f6 16. f3 Nxc3 17. Nd7 Qd8 18. Qxe6+ Kh8 19. Nc5 Bc4 20. Kh1 Qe8 21.
Qh3 Na4 22. Nxa4 Qxa4 23. e4 Qxc2 24. e5 Qg6 25. e6 Re8 26. e7 h6 27. Bd6 a4 28. a3 Rac8 29. Rac1 Kh7 30. Qd7 Qg5 31.
Qxa7 Bf1 32. Rxf1 Rxc1 33. Qa6 Qd2 34. h3 Rc2 35. Rg1 Qxd4 36. Bb4 Rcc8 37. Qe6 Qc4 38. Re1 d4 39. Qf5+ Kg8 40. Rd1 Rc7 41. Qe4 d3 42. Qe3 Kf7 43. Rxd3 Rcxe7 44. Bxe7 Rxe7 45. Qd2 Kg8 46. Rd8+ Kh7 47. Rd4 Qe2 48. Qxe2 Rxe2 49. Rxa4 Ra2 50.
Kh2 Kg6 51. Kg3 h5 52. h4 Kf7 53. Ra5 Kg6 54. Kh3 Rb2 55. a4 Ra2 56. Kh2 Rb2 57. Ra7 Ra2 58. a5 Rb2 59. a6 Ra2 60. Kg3 Ra3 61. Kf2 Ra2+ 62. Kf1 Rb2 63. Rb7 Ra2 64.
a7 Kh6 65. Ke1 Kg6 66. Kd1 Ra5 67. Kc2 Ra1 68. Kd3 Ra3+ 69. Kc4 Ra1 70. Kd5 Rd1+ 71. Kc6 Ra1 72. Kc7 1-0

[Event "Late-Titled-Tuesday-Blitz-May-07-2024"]
[Site "Chess.com"]
[Date "2024.05.07"]
[Round "2"]
[White "albayo"]
[Black "Rodalquilar"]
[Result "0-1"]
[WhiteElo "2429"]
[BlackElo "2772"]
[TimeControl "180+1"]
[EndTime "14:19:00 PDT"]
[Termination "Rodalquilar won on time"]

1. Nf3 d5 2. g3 Nf6 3. Bg2 Bf5 4. O-O e6 5. c4 c6 6. d4 h6 7. Nc3 Be7 8. Nd2 Nbd7 9. e4 dxe4 10. Ndxe4 Nxe4 11.
Nxe4 Nf6 12. Re1 O-O 13. Bf4 Nxe4 14. Bxe4 Bxe4 15. Rxe4 Bf6 16. Qg4 Bxd4 17. Bg5 hxg5 18. Rxd4 Qe7 19. Rad1 Rfd8 20. b3 g6 21. Kg2 Kg7 22. Qe4 Qf6 23. Rd7 Rxd7 24. Rxd7 Rd8 25. Qd3 Rxd7 26. Qxd7 Qe5 27. Qxb7 Qe4+ 28. Kg1 Qb1+ 29.
Kg2 Qxa2 30. Qxc6 Qxb3 31. Qc5 Qb6 32. Qe5+ f6 33. Qe4 Qc5 34. f3 e5 35. Qb7+ Kf8 36.
Qb8+ Ke7 37. Qb7+ Kd6 38. Qa6+ Qb6 39. Qa4 Kc5 40. Qe8 a5 41. Qc8+ Kb4 42. c5 Qxc5 43. Qb7+ Qb5 44. Qe7+ Kb3 45. Qxf6 a4 46. Qxg6 a3 47.
Qb1+ Ka4 48. Qc2+ Qb3 49. Qc6+ Kb4 50. Qb6+ Kc3 51. Qe3+ Kb2 52. Qxe5+ Kb1 53. Qe1+ Ka2 54. Kh3 Qc2 55. Qe6+ Kb1 56. Qb6+ Qb2 57. Qg6+ Kc1 58.
Qxg5+ Kd1 59. Qd5+ Ke1 60. Qe4+ Kf1 61. Qd3+ Kf2 62. f4 a2 0-1

[Event "Late-Titled-Tuesday-Blitz-May-07-2024"]
[Site "Chess.com"]
[Date "2024.05.07"]
[Round "2"]
[White "ViralduS"]
[Black "KuzubovYuriy"]
[Result "1/2-1/2"]
[WhiteElo "2637"]
[BlackElo "2945"]
[TimeControl "180+1"]
[EndTime "14:19:06 PDT"]
[Termination "Game drawn by repetition"]

1. c4 Nf6 2. Nf3 e6 3. g3 d5 4.
Bg2 d4 5. O-O c5 6. d3 Nc6 7. e4 e5 8. Na3 g6 9. Nc2 Bg7 10. b4 cxb4 11. a3 bxa3 12. Bxa3 Bf8 13. Bc1 Be7 14. Bh6 Ng4 15. Bd2 O-O 16. h3 Nf6 17.
Nh2 Nh5 18. Qe1 Re8 19. f4 exf4 20. gxf4 Bh4 21. Qd1 Bg3 22. Ng4 Kh8 23. Qf3 Bh4 24.
e5 Ng3 25. Rfb1 Nf5 26. Nf2 Be7 27. Ne4 Nh4 28. Qf2 Nxg2 29. Qxg2 Qd7 30. Kh2 b6 31. Ne1 Bb7 32. Qg4 Qe6 33. Nf3 Red8 34. Nfg5 Qxg4 35. hxg4 Kg7 36. Kg3 Bxg5 37. Nxg5 Ne7 38. Bb4 Ng8 39. Bd6 Rd7 40. Nf3 Bxf3 41. Kxf3 f6 42. Ke4 Ne7 43. Kxd4 Nc8 44. c5 bxc5+ 45. Kxc5 Nxd6 46. exd6 a5 47.
Rb6 Kf7 48. d4 h5 49. gxh5 gxh5 50. d5 a4 51. Ra3 h4 52. Rc6 Ke8 53. Rc7 Kd8 54. Kc6 Ra6+ 55. Kc5 Raxd6 56. Rxd7+ Rxd7 57. Rxa4 Rc7+ 58. Kd6 Rd7+ 59. Ke6 Rb7 60. Ra3 Rb1 61. Rh3 Rf1 62. Kf5 Kd7 63. Rxh4 Kd6 64. Rh6 Ra1 65. Rxf6+ Kxd5 66. Rf8 Ra7 67. Rd8+ Kc6 68. Rd1 Ra8 69. Kg4 Rg8+ 70. Kf3 Rf8 71. Ke4 Re8+ 72. Kf5 Rf8+ 73.
Ke5 Re8+ 74. Kf6 Rf8+ 75. Kg5 Rg8+ 76. Kh4 Rh8+ 77. Kg4 Rg8+ 78. Kf3 Rf8 79. Rd2 Kc5 80. Rd7 Kc6 81. Rd4 Kc5 82. Rd1 Kc6 1/2-1/2

[Event "Late-Titled-Tuesday-Blitz-May-07-2024"]
[Site "Chess.com"]
[Date "2024.05.07"]
[Round "2"]
[White "WPWPWP-2015"]
[Black "SchmakAttack"]
[Result "0-1"]
[WhiteElo "2444"]
[BlackElo "2778"]
[TimeControl "180+1"]
[EndTime "14:19:06 PDT"]
[Termination "SchmakAttack won by resignation"]

1. e4 c5 2. Nf3 Nc6 3. Bb5 Nf6 4. Nc3 Qc7 5. O-O e5 6. Re1 d6 7. h3 Be7 8. a4 O-O 9. d3 h6 10. Bc4 Be6 11. Be3 Nd4 12. b3 a6 13. Bd2 Rfe8 14.
Nh2 Rad8 15. f4 exf4 16. Bxf4 Qd7 17. Nf3 Nc6 18. Bxe6 Qxe6 19. Qd2 Qd7 20. Re2 Bf8 21. Rae1 Nd4 22. Nxd4 cxd4 23. Nd1 b5 24. axb5 axb5 25. Nf2 d5 26. e5 Nh5 27. Bh2 g6 28. Ng4 Kh7 29. Rf2 Bg7 30. Ref1 Re7 31. Qb4 Rde8 32. Qxd4 Qe6 33. Re2 Qc6 34. Qf2 Rc8 35. d4 Qd7 36. Kh1 Qe8 37. Qf3 Qd7 38. Ref2 Qe6 39. Qd3 b4 40. Qd2 Rc3 41. Rf3 Rec7 42. Rxc3 Rxc3 43. Qf2 Kg8 44. Re1 Qc6 45. Re2 Bf8 46. Rd2 Qe6 47. Bg1 Ng3+ 48. Kh2 Ne4 49. Qe2 Nxd2 50. Qxd2 Bg7 51. Be3 Qf5 52. Bxh6 Rxc2 53. Qe3 Rc3 54. Qd2 Bh8 55. Bg5 Qe4 56. Nf6+ Bxf6 57. Bxf6 Rc2 58. Qg5 Re2 59. h4 Qf3 60. h5 Qxh5+ 61. Qxh5 gxh5 62. Kg3 Rb2 63. Be7 Rxb3+ 64. Kh4 Rb1 65. Kxh5 b3 66. Ba3 b2 67. Kg4 Kg7 68. Kg3 Kg6 69. Kf2 Kf5 70. e6 fxe6 71. Ke2 Rg1 72. Bxb2 Rxg2+ 73. Kf3 Rxb2 0-1

[Event "Late-Titled-Tuesday-Blitz-May-07-2024"]
[Site "Chess.com"]
[Date "2024.05.07"]
[Round "2"]
[White "Hrant_ChessMood"]
[Black "Cipy77"]
[Result "0-1"]
[WhiteElo "2955"]
[BlackElo "2646"]
[TimeControl "180+1"]
[EndTime "14:19:08 PDT"]
[Termination "Cipy77 won on time"]

1. Nf3 d5 2. g3 Nf6 3. Bg2 Bg4 4. c4 c6 5. Qb3 Qb6 6. d3 e6 7. Be3 Qxb3 8. axb3 a6 9. Nc3 Nbd7 10. h3 Bxf3 11. Bxf3 Bd6 12. O-O O-O 13. Rfc1 Rac8 14. d4 Rfe8 15. Bg2 h6 16. c5 Bc7 17. f4 Nh5 18.
Bf2 g6 19. e3 f5 20. g4 Nhf6 21. Bf3 Ne4 22. Be1 Ndf6 23. Rc2 Kf7 24. Rg2 Rg8 25.
Nxe4 dxe4 26. Be2 Nd5 27. Bd2 Ke7 28. Kf2 Rcf8 29. Rag1 fxg4 30. Rxg4 Rf6 31. Ke1 Kf7 32. Bd1 Rf5 33. Bc2 Nf6 34. R4g2 Rh5 35. Rh1 g5 36. fxg5 hxg5 37. Rgg1 Rgh8 38. Kf1 g4 39. Rg2 Rxh3 40.
Rhg1 Rf3+ 41. Ke1 g3 42. Ke2 Rh2 43. Be1 Ng4 44. Bd2 Rf2+ 45. Rxf2+ Rxf2+ 46. Ke1 Nxe3 47. Bxe4 Nf5 48. Kd1 Nxd4 49. Be3 Re2 50. Bxd4 Rxe4 51.
Bc3 Rg4 52. Ke2 Bf4 53. Kf3 Rh4 54. Rd1 Kg6 55. Rd8 e5 56. Rg8+ Kf7 57. Rd8 Rh1 58. Rd7+ Ke6 59. Rg7 Rf1+ 60. Ke4 Rf2 61. Rg6+ Kf7 62. Rg4 Re2+ 63. Kf5 g2 64. Bb4 Bh2 65. Bc3 g1=Q 0-1

[Event "Late-Titled-Tuesday-Blitz-May-07-2024"]
[Site "Chess.com"]
[Date "2024.05.07"]
[Round "2"]
[White "cristianserban1"]
[Black "Iball95"]
[Result "1-0"]
[WhiteElo "2633"]
[BlackElo "2887"]
[TimeControl "180+1"]
[EndTime "14:19:08 PDT"]
[Termination "cristianserban1 won on time"]

1. d4 d5 2. c4 e6 3. Nf3 Nf6 4. g3 c5 5. cxd5 cxd4 6. Qxd4 exd5 7. Bg5 Be7 8. Bg2 Nc6 9. Qa4 Qb6 10. Qb3 Qxb3 11.
axb3 h6 12. Bd2 O-O 13. O-O Ne4 14. Rd1 Rd8 15. Be1 Bf6 16. Nc3 Be6 17. e3 Rac8 18. Nd4 Nxd4 19. exd4 Nxc3 20. bxc3 a6 21. Ra5 Rd7 22.
Bd2 g5 23. f4 Bd8 24. Raa1 Bf5 25. Re1 Kf8 26. Re5 Bc2 27. Rxd5 Rdc7 28. b4 Bb3 29.
Rc5 Be7 30. Rxc7 Rxc7 31. fxg5 hxg5 32. Kf2 Kg7 33. Ra5 f6 34. h4 Kh6 35. Be4 Bc4 36.
hxg5+ fxg5 37. g4 Bb5 38. Bf5 Bd6 39. Ra1 Re7 40. Rh1+ Kg7 41. Rh7+ Kg8 42. Rh5 Re2+ 43. Kf3 Rxd2 44. Rxg5+ Kf7 45. Be4 b6 46. Rf5+ Kg7 47.
Rg5+ Kf6 48. Rg6+ Ke7 49. Rg7+ Kf8 50. Rg6 Ke7 51. Rg7+ Kd8 52. Rg6 Bc7 53. g5 Bd3 54. Ke3 Rg2 55. Kxd3 Rg3+ 56. Kc4 b5+ 57. Kb3 a5 58.
bxa5 Bxa5 59. Rg8+ Ke7 60. g6 Bxc3 61. Kc2 Bxd4 62.
Rb8 1-0

[Event "Late-Titled-Tuesday-Blitz-May-07-2024"]
[Site "Chess.com"]
[Date "2024.05.07"]
[Round "2"]
[White "PhileKhoob"]
[Black "IlanSchnaider"]
[Result "1-0"]
[WhiteElo "2332"]
[BlackElo "2717"]
[TimeControl "180+1"]
[EndTime "14:19:12 PDT"]
[Termination "PhileKhoob won by checkmate"]

1. e4 c5 2. Nf3 e6 3. Nc3 Nc6 4. d4 cxd4 5. Nxd4 a6 6. Be3 Nf6 7. Be2 Bb4 8. Nxc6 bxc6 9. O-O d5 10. exd5 cxd5 11. Na4 O-O 12. c3 Bd6 13. h3 Rb8 14. Qd2 Ne4 15. Qc2 Bd7 16. Bd3 Nf6 17. b4 Bb5 18. Nc5 Bxc5 19. Bxc5 Re8 20. a4 Bxd3 21. Qxd3 Ne4 22. Be3 Qf6 23. Bd4 Qg5 24. f3 Ng3 25. Rfe1 Nf5 26. Be5 Rbc8 27. Qxa6 Rc4 28. Qb6 d4 29.
Qb5 Rec8 30. Bxd4 Qg6 31. Ra2 Nh4 32. Rf2 Qg3 33. Ref1 h6 34. a5 R4c6 35. Qb7 R6c7 36. Qe4 Ng6 37. a6 Nf4 38. Kh1 Nd5 39. Be5 Qg5 40. Bxc7 Rxc7 41. b5 Nxc3 42. Qb4 Nd5 43. Qb3 Ne3 44. b6 Nxf1 45. Rxf1 Rc1 46. Rg1 Rxg1+ 47. Kxg1 Qc1+ 48. Kf2 Qd2+ 49. Kf1 Qc1+ 50. Ke2 Qc5 51. b7 Qe5+ 52. Kd3 Qd6+ 53. Kc3 Qc5+ 54. Kb2 Qd4+ 55. Ka3 Qc5+ 56. Ka4 Qc6+ 57. Qb5 Qc2+ 58. Ka5 Qc7+ 59. Kb4 Qd6+ 60. Qc5 Qd2+ 61. Kb5 Qd3+ 62. Kb6 Qd8+ 63. Ka7 Qd7 64. Ka8 Kh7 65. b8=Q Qa4 66. a7 g6 67. Qbc7 Kg7 68. Q5e5+ Kf8 69. Qd8+ Qe8 70. Qh8# 1-0

[Event "Late-Titled-Tuesday-Blitz-May-07-2024"]
[Site "Chess.com"]
[Date "2024.05.07"]
[Round "2"]
[White "RichardShtivelband"]
[Black "GasconJR"]
[Result "1-0"]
[WhiteElo "2399"]
[BlackElo "2570"]
[TimeControl "180+1"]
[EndTime "14:19:12 PDT"]
[Termination "RichardShtivelband won by resignation"]

1. d4 Nf6 2. c4 e6 3. Nf3 Bb4+ 4. Bd2 Qe7 5. g3 Nc6 6. Bg2 Bxd2+ 7. Nbxd2 d6 8. O-O e5 9. dxe5 dxe5 10. e3 Bg4 11. h3 Bh5 12. g4 Bg6 13. Nh4 e4 14.
Nxg6 hxg6 15. Qb1 O-O-O 16. Nxe4 Nxe4 17. Qxe4 Qxe4 18. Bxe4 Ne5 19. Kg2 Nxc4 20. Rfc1 Nd6 21. Bf3 Rh4 22. b4 Rdh8 23. Rh1 f5 24. a4 b6 25. a5 Kd7 26. axb6 axb6 27. Rac1 Ne4 28. Bxe4 fxe4 29. Rc4 Re8 30. Rd1+ Kc8 31. Rdd4 Reh8 32. Rxe4 Rxh3 33. Re7 Rh2+ 34. Kf1 Rf8 35. Rcxc7+ Kb8 36. Rf7 Rd8 37. Kg1 Rh4 38. f3 Rd1+ 39. Kg2 Rhh1 40. f4 Rdf1 41. Rc2 Rhg1+ 42. Kh3 Rh1+ 43. Rh2 Rf3+ 44. Kg2 Rxh2+ 45. Kxh2 Rxe3 46. Rxg7 Re4 47. Kg3 Rxb4 48. Rxg6 Rb3+ 49. Kh4 b5 50. f5 Kc7 51. f6 Kd7 52. Rg7+ Ke6 53. g5 Kf5 54. Rb7 Rb1 55.
f7 Rh1+ 56. Kg3 Rh8 57. Rxb5+ Kg6 58. Kg4 Kxf7 59. Kf5 Rh1 60. Rb7+ Kf8 61. Kf6 Rf1+ 62. Kg6 Rc1 63. Rb8+ Ke7 64. Kg7 Rg1 65. g6 Rg2 66.
Kh7 Rh2+ 67. Kg8 Rg2 68. g7 Rg1 69. Rb7+ Ke8 70. Rb6 Re1 71. Rb4 Re2 72. Rb5 Re1 73. Rf5 Re2 74. Kh7 Rh2+ 75. Kg6 Rg2+ 76. Kf6 Rg1 77.
Re5+ Kd7 78. Kf7 Rf1+ 79. Kg6 Rg1+ 80. Rg5 1-0

[Event "Late-Titled-Tuesday-Blitz-May-07-2024"]
[Site "Chess.com"]
[Date "2024.05.07"]
[Round "2"]
[White "martinmena"]
[Black "Chess_Star1234"]
[Result "0-1"]
[WhiteElo "2150"]
[BlackElo "2488"]
[TimeControl "180+1"]
[EndTime "14:19:14 PDT"]
[Termination "Chess_Star1234 won by checkmate"]

1. c4 e6 2. g3 d5 3. Bg2 Nf6 4. Nf3 Be7 5. O-O O-O 6. d4 dxc4 7. Qc2 Bd7 8. Qxc4 Bc6 9. Nc3 Nbd7 10. b4 a6 11. Bg5 Nd5 12. Bxe7 Qxe7 13. Nxd5 Bxd5 14. Qc3 Nf6 15. Rfc1 c6 16. Qc5 Rfe8 17. Ne5 Bxg2 18. Kxg2 Rad8 19. e3 Nd7 20. Qxe7 Rxe7 21. Nc4 e5 22.
Nd6 exd4 23. Nxb7 Rb8 24. Nd6 dxe3 25. Nf5 Re6 26. Nxe3 Rxb4 27. Rd1 Rb7 28. Rac1 h6 29. Nc4 Nf6 30. Na5 Rb2 31. Rxc6 Rxc6 32. Nxc6 Rxa2 33.
Rd8+ Kh7 34. Ra8 Ne4 35. Kf3 Nxf2 36. Nb4 Rb2 37. Rxa6 Rxb4 38. Kxf2 Rb2+ 39. Kg1 f6 40. Rc6 Kg6 41. Rc5 h5 42. h3 Kh6 43. h4 g5 44.
hxg5+ fxg5 45. Kf1 Kg6 46. Kg1 Kf6 47. Ra5 Re2 48. Rb5 Re5 49. Rb6+ Kf5 50. Kf2 Re4 51.
Rb5+ Kg4 52. Rc5 Ra4 53. Rc2 h4 54. gxh4 Rf4+ 55. Kg2 Kxh4 56. Rc1 Kg4 57. Rc2 Ra4 58.
Rb2 Ra3 59. Rd2 Ra4 60. Rc2 Kh4 61. Rd2 Kg4 62. Rc2 Kf4 63. Rd2 Ke3 64. Rc2 Rd4 65. Ra2 Kf4 66. Rb2 g4 67. Rc2 Re4 68. Rb2 Rc4 69. Rc2 Rxc2+ 70. Kf1 Kf3 71. Ke1 Ra2 72.
Kd1 g3 73. Kc1 Rf2 74. Kd1 g2 75. Ke1 g1=R# 0-1